 Dungeon Crawl Stone Soup version 0.19.1 (webtiles) character file.

80 CanadianGator the Chopper (level 4, -2/40 HPs)
             Began as a Hill Orc Monk on Dec 2, 2016.
             Slain by a shadow imp (3 damage)
             ... on level 3 of the Dungeon.
             The game lasted 00:03:26 (1650 turns).

CanadianGator the Chopper (Hill Orc Monk)           Turns: 1650, Time: 00:03:27

Health: -2/40      AC:  9    Str: 14    XL:     4   Next: 39%
Magic:  13/13      EV:  7    Int: 10    God:
Gold:   73         SH:  0    Dex: 13    Spells: 0 memorised, 3 levels left

rFire  + . .     SeeInvis .     a - +0 hand axe
rCold  . . .     Gourm    .     e - +0 chain mail
rNeg   . . .     Faith    .     (no shield)
rPois  .         Spirit   .     (no helmet)
rElec  .         Reflect  .     (no cloak)
rCorr  .         Harm     .     t - +0 pair of gloves
MR     .....                    (no boots)
Stlth  ..........               (no amulet)
                                r - ring of protection from fire
                                n - ring of magical power

@: no status effects
A: no striking features
a: no special abilities


You were on level 3 of the Dungeon.
You were not hungry.

You visited 1 branch of the dungeon, and saw 3 of its levels.

You collected 73 gold pieces.

Inventory:

Hand Weapons
 a - a +0 hand axe (weapon)
Armour
 e - a +0 chain mail (worn)
 t - a +0 pair of gloves (worn)
Jewellery
 n - a ring of magical power (left hand)
 r - a ring of protection from fire (right hand)
Scrolls
 b - a scroll of identify {unknown}
 g - 4 scrolls of remove curse
 j - a scroll of immolation
 p - 2 scrolls of teleportation {unknown}
 q - a scroll of enchant armour {unknown}
 s - 2 scrolls of fog {unknown}
Potions
 d - 2 potions of curing {unknown}
 f - 2 potions of might {unknown}
 h - a potion of agility {unknown}
 i - 2 potions of flight {unknown}
 k - a potion of ambrosia {unknown}
 m - a potion of resistance {unknown}
 o - a potion of berserk rage {unknown}
Comestibles
 c - 3 bread rations
 l - 4 fruits


   Skills:
 + Level 4.1 Fighting
 * Level 5.3 Axes
 + Level 1.4 Armour
 + Level 2.9 Dodging
 - Level 1.5 Stealth


You had 3 spell levels left.
You didn't know any spells.

Dungeon Overview and Level Annotations

Branches:
Dungeon (3/15)

Altars:


Message History

You barely resist. You closely miss the shadow imp.
The shadow imp is almost dead.
The shadow imp gestures at you.
You barely resist.
You hit the shadow imp but do no damage.
The shadow imp is almost dead.
The shadow imp hits you but does no damage.
You hit the shadow imp but do no damage.
The shadow imp is almost dead.
The shadow imp shouts, "Leave, thou mewling beef-witted boar-pig!"
The shadow imp gestures at you. Pain shoots through your body!
* * * LOW HITPOINT WARNING * * *
You are too injured to fight recklessly!
You are too injured to fight recklessly!
You closely miss the shadow imp.
The shadow imp is almost dead.
The shadow imp hits you.
You die...

#..#.# #..#.# .....#
# #...$# # # #.
#....#.#.# ...###
#........
......#####)..##.#.#
...................
.......<###@#.##.#.#
...##...(.(5(......#
#...##(†)....###
#...##(.#.##.#
................
..##.#.##.(..##.###
. ............ ..
...........##....
.#. ####....# # #


You could see a shadow imp.

Vanquished Creatures
  4 adders (D:2)
  An ooze (D:2)
  2 dart slugs
  6 bats
  2 giant cockroaches (D:2)
  6 goblins
  3 hobgoblins
  A quokka (D:2)
  4 frilled lizards (D:2)
  3 kobolds
  3 rats
35 creatures vanquished.

Vanquished Creatures (others)
  A goblin (D:3)
1 creature vanquished.

Grand Total: 36 creatures vanquished

Notes
Turn   | Place    | Note
-------+----------+-------------------------------------------
     0 | D:1      | CanadianGator the Hill Orc Monk began the quest for the Orb.
     0 | D:1      | Reached XP level 1. HP: 19/19 MP: 1/1
   255 | D:1      | Reached XP level 2. HP: 26/26 MP: 2/2
   797 | D:2      | Reached XP level 3. HP: 30/33 MP: 3/3
   976 | D:2      | Reached skill level 1 in Armour
  1176 | D:2      | Reached skill level 5 in Axes
  1176 | D:2      | Reached XP level 4. HP: 9/40 MP: 4/4
  1649 | D:3      | HP: 1/40 [shadow imp/nerve-wracking pain (13)]
  1650 | D:3      | Slain by a shadow imp

Skill      XL: |  1  2  3 |
---------------+----------+-----
Armour         | 1 |  1.4
Fighting       | 4 |  4.1
Axes           | 5 |  5.3
Dodging        | |  2.9
Stealth        | |  1.5

Action                   |  1- 3 |  4- 6 || total
-------------------------+-------+-------++-------
Melee: Hand axe          |   149 |    39 ||   188
  Use: Scroll            |     2 |       ||     2
  Eat: Bread ration      |       |     1 ||     1
Armor: Chain mail        |   113 |    35 ||   148
       Robe              |     1 |       ||     1
Dodge: Dodged            |    80 |    22 ||   102
